SAAA
ATHLETIC CLUB KC RESERVES @ HIALEAH DODOS
08/16/2021
 
TOP OF THE 1ST
Athletic Club KC Reserves batting - Pitching for Hialeah Dodos : RHP José Guzmán
Pitching: RHP José Guzmán
Batting: SHB Evan Adams 0-0: Ground out U3 (Groundball, 3)
Batting: RHB Jason Dunn 0-0: Swinging Strike
0-1: Ground out 4-3 (Groundball, 13)
Batting: LHB Rafael García 0-0: Called Strike
0-1: Ball
1-1: DOUBLE (Groundball, 3L)
Batting: LHB Thatcher Douglas 0-0: Ball
1-0: Called Strike
1-1: Ball
2-1: Called Strike
2-2: Ball
3-2: SINGLE (Line Drive, 4M)
Rafael García to third
Rafael García scores
Batting: RHB Robert Hill 0-0: Ball
1-0: Foul Ball, location: 2F
1-1: Ball
2-1: DOUBLE (Line Drive, 7LM)
Thatcher Douglas to third
Batting: RHB Glenn Woods 0-0: Swinging Strike
0-1: Called Strike
0-2: Strikes out looking
Top of the 1st over - 1 run(s), 3 hit(s), 0 error(s), 2 left on base; Athletic Club KC 1 - Hialeah 0
BOTTOM OF THE 1ST
Hialeah Dodos batting - Pitching for Athletic Club KC Reserves : RHP Alfredo Ríos
Pitching: RHP Alfredo Ríos
Batting: RHB Ludwig Kluge 0-0: Called Strike
0-1: Ball
1-1: SINGLE (Groundball, 23) (infield hit)
Batting: RHB José Ramírez 0-0: Ball
1-0: Fly out, F9 (Flyball, 8RM)
Batting: RHB David Nielsen 0-0: Called Strike
0-1: Ball
1-1: SINGLE (Groundball, 56D)
Ludwig Kluge to second
Batting: RHB Joe Guy 0-0: Called Strike
0-1: Foul Ball, location: 2F
0-2: Ball
1-2: Ball
2-2: Foul Ball, location: 2F
2-2: SINGLE (Line Drive, 6D)
Ludwig Kluge to third
David Nielsen to second
Runner from 3rd tries for Home, SAFE, no throw or cutoff
Batting: LHB Jeff Conklin 0-0: Swinging Strike
0-1: Called Strike
0-2: Foul Ball, location: 2F
0-2: Ball
1-2: Ball
2-2: TRIPLE (Flyball, 9LD)
David Nielsen scores
Joe Guy scores
Batting: RHB Ji-chol Yang 0-0: Ball
1-0: Ground out 1-3 (Groundball, 13S)
Batting: RHB Herman Cook 0-0: Ball
1-0: Foul Ball, location: 2F
1-1: Ball
2-1: Ball
3-1: Base on Balls
Batting: RHB Pedro Longoria 0-0: Foul Ball, location: 2F
0-1: Ground out 4-3 (Groundball, 4)
Bottom of the 1st over - 3 run(s), 4 hit(s), 0 error(s), 2 left on base; Athletic Club KC 1 - Hialeah 3
TOP OF THE 2ND
Athletic Club KC Reserves batting - Pitching for Hialeah Dodos : RHP José Guzmán
Batting: LHB Matt Hartnett 0-0: Bunt for hit - play at first, batter safe!
Batting: RHB Máximo Padilla 0-0: Foul Ball, location: 2F
0-1: Ball
1-1: Foul Ball, location: 2F
1-2: Strikes out swinging
Batting: LHB Eduardo López 0-0: Ball
1-0: Swinging Strike
1-1: Foul Ball, location: 2F
1-2: Strikes out swinging
Batting: SHB Evan Adams 0-0: Called Strike
Matt Hartnett steals 2nd base
0-1: Ball
1-1: Ball
2-1: Foul Ball, location: 2F
2-2: Ground out 4-3 (Groundball, 4)
Top of the 2nd over - 0 run(s), 1 hit(s), 0 error(s), 1 left on base; Athletic Club KC 1 - Hialeah 3
BOTTOM OF THE 2ND
Hialeah Dodos batting - Pitching for Athletic Club KC Reserves : RHP Alfredo Ríos
Batting: RHB Carl Carlson 0-0: Fly out, F3 (Line Drive, 3)
Batting: RHB Ludwig Kluge 0-0: Ball
1-0: Called Strike
1-1: Ball
2-1: Called Strike
2-2: Fly out, F9 (Line Drive, 89M)
Batting: RHB José Ramírez 0-0: Ball
1-0: Swinging Strike
1-1: Ball
2-1: DOUBLE (Flyball, 89M)
Batting: RHB David Nielsen 0-0: Called Strike
0-1: Swinging Strike
0-2: Ball
1-2: Fly out, F4 (Popup, 4MD)
Bottom of the 2nd over - 0 run(s), 1 hit(s), 0 error(s), 1 left on base; Athletic Club KC 1 - Hialeah 3
TOP OF THE 3RD
Athletic Club KC Reserves batting - Pitching for Hialeah Dodos : RHP José Guzmán
Batting: RHB Jason Dunn 0-0: Ball
1-0: Ground out 1-3 (Groundball, 15)
Batting: LHB Rafael García 0-0: Called Strike
0-1: SINGLE (Line Drive, 3D)
Batting: LHB Thatcher Douglas 0-0: Called Strike
0-1: Ball
1-1: Ball
2-1: Ground out 5-3 (Groundball, 56S)
Rafael García to second
Batting: RHB Robert Hill 0-0: Fly out, F9 (Flyball, 9M)
Top of the 3rd over - 0 run(s), 1 hit(s), 0 error(s), 1 left on base; Athletic Club KC 1 - Hialeah 3
BOTTOM OF THE 3RD
Hialeah Dodos batting - Pitching for Athletic Club KC Reserves : RHP Alfredo Ríos
Batting: RHB Joe Guy 0-0: Ball
1-0: Called Strike
1-1: Ball
2-1: SINGLE (Groundball, 5D)
Batting: LHB Jeff Conklin 0-0: Swinging Strike
0-1: Swinging Strike
0-2: Ball
1-2: Foul Ball, location: 2F
1-2: Strikes out swinging
Batting: RHB Ji-chol Yang 0-0: Ball
1-0: SINGLE (Flyball, 7S)
Joe Guy to second
Batting: RHB Herman Cook 0-0: Swinging Strike
0-1: Ball
Joe Guy steals 3rd base
Ji-chol Yang to second
1-1: Foul Ball, location: 2F
1-2: Ball
2-2: Ball
3-2: Fly out, F8 (Flyball, 8RXD)
Runner from 3rd tags up, SCORES, no throw
Ji-chol Yang to third
Batting: RHB Pedro Longoria 0-0: Ball
1-0: Called Strike
1-1: Ball
2-1: Fly out, F9 (Flyball, 89M)
Bottom of the 3rd over - 1 run(s), 2 hit(s), 0 error(s), 1 left on base; Athletic Club KC 1 - Hialeah 4
TOP OF THE 4TH
Athletic Club KC Reserves batting - Pitching for Hialeah Dodos : RHP José Guzmán
Batting: RHB Glenn Woods 0-0: Called Strike
0-1: Ball
1-1: Ground out 5-3 (Groundball, 5D)
Batting: LHB Matt Hartnett 0-0: Ball
1-0: Ball
2-0: Called Strike
2-1: Ball
3-1: Called Strike
3-2: Base on Balls
Batting: RHB Máximo Padilla 0-0: Grounds into double play, 6-4-3 (Groundball, 6)
Top of the 4th over - 0 run(s), 0 hit(s), 0 error(s), 0 left on base; Athletic Club KC 1 - Hialeah 4
BOTTOM OF THE 4TH
Hialeah Dodos batting - Pitching for Athletic Club KC Reserves : RHP Alfredo Ríos
Batting: RHB Carl Carlson 0-0: Ball
1-0: Ball
2-0: Ball
3-0: Called Strike
3-1: Base on Balls
Batting: RHB Ludwig Kluge 0-0: Swinging Strike
0-1: Swinging Strike
0-2: Ball
1-2: Foul Ball, location: 2F
1-2: Ball
2-2: DOUBLE (Line Drive, 34)
Carl Carlson to third
Batting: RHB José Ramírez 0-0: Ball
Wild Pitch!
Carl Carlson scores
Ludwig Kluge to third
1-0: Ball
2-0: Called Strike
2-1: Ball
3-1: Base on Balls
Batting: RHB David Nielsen 0-0: Called Strike
0-1: Ball
José Ramírez steals 2nd base
1-1: DOUBLE (Line Drive, 5D)
Ludwig Kluge scores
José Ramírez scores
Pitching: RHP Joe King
Batting: RHB Joe Guy 0-0: Called Strike
0-1: Ball
1-1: Foul Ball, location: 2F
1-2: Fly out, F5 (Line Drive, 56)
1-2: Fly out, F5 (Line Drive, 56)
Batting: LHB Jeff Conklin 0-0: Ball
1-0: Called Strike
1-1: Swinging Strike
1-2: Foul Ball, location: 2F
1-2: Ground out 4-3 (Groundball, 4)
David Nielsen to third
Batting: RHB Ji-chol Yang 0-0: Ball
1-0: Fly out, F7 (Flyball, 78XD)
Bottom of the 4th over - 3 run(s), 2 hit(s), 0 error(s), 1 left on base; Athletic Club KC 1 - Hialeah 7
TOP OF THE 5TH
Athletic Club KC Reserves batting - Pitching for Hialeah Dodos : RHP José Guzmán
Batting: LHB Eduardo López 0-0: Foul Ball, location: 2F
0-1: Ball
1-1: Ball
2-1: Ball
3-1: Ground out 6-3 (Groundball, 6)
Batting: SHB Evan Adams 0-0: Ball
1-0: Ball
2-0: Foul Ball, location: 2F
2-1: SINGLE (Groundball, 56D)
Batting: RHB Jason Dunn 0-0: Ball
1-0: SINGLE (Line Drive, 78S)
Evan Adams to second
Batting: LHB Rafael García 0-0: Ball
1-0: Ball
2-0: Ball
3-0: Base on Balls
Evan Adams to third
Jason Dunn to second
Batting: LHB Thatcher Douglas 0-0: Called Strike
0-1: SINGLE (Line Drive, 4D)
Evan Adams scores
Jason Dunn to third
Rafael García to second
Batting: RHB Robert Hill 0-0: Ball
1-0: Ball
2-0: SINGLE (Line Drive, 7S)
Jason Dunn scores
Rafael García to third
Thatcher Douglas to second
Batting: RHB Glenn Woods 0-0: Ball
1-0: Swinging Strike
1-1: Foul Ball, location: 2F
1-2: Ball
2-2: Strikes out swinging
Batting: LHB Matt Hartnett 0-0: Ball
1-0: Called Strike
1-1: Ball
2-1: Ball
3-1: Called Strike
3-2: Strikes out swinging
Top of the 5th over - 2 run(s), 4 hit(s), 0 error(s), 3 left on base; Athletic Club KC 3 - Hialeah 7
BOTTOM OF THE 5TH
Hialeah Dodos batting - Pitching for Athletic Club KC Reserves : RHP Joe King
Batting: RHB Herman Cook 0-0: Ball
1-0: Ball
2-0: Ball
3-0: Called Strike
3-1: Foul Ball, location: 2F
3-2: Base on Balls
Batting: RHB Pedro Longoria 0-0: Called Strike
0-1: Sac Bunt - play at first, batter safe!
Herman Cook to second
Batting: RHB Carl Carlson 0-0: Swinging Strike
0-1: Swinging Strike
0-2: Ball
1-2: Foul Ball, location: 2F
1-2: Ball
2-2: Foul Ball, location: 2F
2-2: Foul Ball, location: 2F
2-2: Strikes out swinging
Batting: RHB Ludwig Kluge 0-0: Swinging Strike
0-1: Foul Ball, location: 2F
0-2: Fly out, F8 (Line Drive, 8RM)
Batting: RHB José Ramírez 0-0: Ball
1-0: Swinging Strike
1-1: Swinging Strike
1-2: Ball
2-2: Strikes out swinging
Bottom of the 5th over - 0 run(s), 1 hit(s), 0 error(s), 2 left on base; Athletic Club KC 3 - Hialeah 7
TOP OF THE 6TH
Athletic Club KC Reserves batting - Pitching for Hialeah Dodos : RHP José Guzmán
Batting: RHB Máximo Padilla 0-0: Swinging Strike
0-1: Ball
1-1: Called Strike
1-2: SINGLE (Line Drive, 6M)
Batting: LHB Eduardo López 0-0: Called Strike
0-1: Ball
1-1: Swinging Strike
1-2: SINGLE (Groundball, 4MD) (infield hit)
Máximo Padilla to second
Batting: SHB Evan Adams 0-0: Ball
1-0: Foul Ball, location: 2F
1-1: Ball
2-1: Called Strike
2-2: Ball
3-2: Base on Balls
Máximo Padilla to third
Eduardo López to second
Batting: RHB Jason Dunn 0-0: SINGLE (Groundball, 5L)
Máximo Padilla scores
Eduardo López to third
Evan Adams to second
Batting: LHB Rafael García 0-0: Ball
1-0: Ball
2-0: Ball
3-0: Base on Balls
Eduardo López scores
Evan Adams to third
Jason Dunn to second
Batting: LHB Thatcher Douglas 0-0: Ball
1-0: Ball
2-0: Fielders Choice at 2nd, 4-6 (Groundball, 34)
Evan Adams scores
Jason Dunn to third
Pitching: RHP Jim Unknown
Batting: RHB Robert Hill 0-0: Ball
Thatcher Douglas steals 2nd base
1-0: Ball
2-0: Foul Ball, location: 2F
2-1: Foul Ball, location: 2F
2-2: Strikes out looking
Batting: RHB Glenn Woods 0-0: Ball
1-0: Foul Ball, location: 2F
1-1: Ball
2-1: DOUBLE (Groundball, 5L)
Jason Dunn scores
Thatcher Douglas scores
Batting: LHB Matt Hartnett 0-0: Ball
1-0: Ball
2-0: Called Strike
2-1: SINGLE (Flyball, 78S) - OUT at second base trying to stretch hit.
Glenn Woods scores
Top of the 6th over - 6 run(s), 5 hit(s), 0 error(s), 0 left on base; Athletic Club KC 9 - Hialeah 7
BOTTOM OF THE 6TH
Hialeah Dodos batting - Pitching for Athletic Club KC Reserves : RHP Joe King
Batting: RHB David Nielsen 0-0: Called Strike
0-1: Ball
1-1: Foul Ball, location: 2F
1-2: SINGLE (Groundball, 56D) (infield hit)
Batting: RHB Joe Guy 0-0: Called Strike
0-1: 2-RUN HOME RUN (Flyball, 7D), Distance : 367 ft
Batting: LHB Jeff Conklin 0-0: Ball
1-0: Ground out 6-3 (Groundball, 6MS)
Batting: RHB Ji-chol Yang 0-0: Called Strike
0-1: Ball
1-1: Ball
2-1: Ball
3-1: Swinging Strike
3-2: SINGLE (Groundball, 4M)
Batting: RHB Herman Cook 0-0: Ball
1-0: Called Strike
1-1: Fly out, F8 (Line Drive, 8LS)
Batting: RHB Pedro Longoria 0-0: Foul Ball, location: 2F
0-1: Fly out, F8 (Flyball, 8RM)
Bottom of the 6th over - 2 run(s), 3 hit(s), 0 error(s), 1 left on base; Athletic Club KC 9 - Hialeah 9
TOP OF THE 7TH
Athletic Club KC Reserves batting - Pitching for Hialeah Dodos : RHP Jim Unknown
Batting: RHB Máximo Padilla 0-0: Ball
1-0: Ball
2-0: Ball
3-0: Called Strike
3-1: Ground out 6-3 (Groundball, 6)
Batting: LHB Eduardo López 0-0: Ground out 4-3 (Groundball, 4)
Batting: SHB Evan Adams 0-0: Swinging Strike
0-1: Foul Ball, location: 2F
0-2: Ball
1-2: Strikes out swinging
Top of the 7th over - 0 run(s), 0 hit(s), 0 error(s), 0 left on base; Athletic Club KC 9 - Hialeah 9
BOTTOM OF THE 7TH
Hialeah Dodos batting - Pitching for Athletic Club KC Reserves : RHP Joe King
Batting: RHB Carl Carlson 0-0: Ball
1-0: Foul Ball, location: 2F
1-1: Foul Ball, location: 2F
1-2: Ground out 5-3 (Groundball, 5L)
Pinch Hitting: SHB Esteban Márquez 0-0: SINGLE (Flyball, 6MD)
Pinch Runner at 1st Javier Santos:
Batting: RHB José Ramírez 0-0: Called Strike
0-1: Called Strike
0-2: Foul Ball, location: 2F
0-2: Strikes out swinging
Batting: RHB David Nielsen 0-0: Ball
Javier Santos steals 2nd base
1-0: Ball
2-0: Foul Ball, location: 2F
2-1: Called Strike
2-2: Fly out, F9 (Flyball, 89M)
Bottom of the 7th over - 0 run(s), 1 hit(s), 0 error(s), 1 left on base; Athletic Club KC 9 - Hialeah 9
TOP OF THE 8TH
Athletic Club KC Reserves batting - Pitching for Hialeah Dodos : RHP Jim Unknown
Now at 3B: Javier Santos
Batting: RHB Jason Dunn 0-0: Ball
1-0: Ball
2-0: Called Strike
2-1: Called Strike
2-2: Ball
3-2: Strikes out swinging
Batting: LHB Rafael García 0-0: SINGLE (Line Drive, 9LS)
Batting: LHB Thatcher Douglas 0-0: Called Strike
0-1: Ball
1-1: Fly out, F6 (Popup, 6D)
Batting: RHB Robert Hill 0-0: Ball
1-0: Reached on error, E1 (Groundball, 13)
Rafael García to second
Pinch Hitting: LHB Greg Robinson 0-0: Ball
1-0: Called Strike
1-1: Fielders Choice at 2nd, U4 (Groundball, 4M)
Top of the 8th over - 0 run(s), 1 hit(s), 1 error(s), 2 left on base; Athletic Club KC 9 - Hialeah 9
BOTTOM OF THE 8TH
Hialeah Dodos batting - Pitching for Athletic Club KC Reserves : RHP Joe King
Now at 3B: José Durán
Batting: RHB Joe Guy 0-0: Foul Ball, location: 2F
0-1: Foul Ball, location: 2F
0-2: Fly out, F8 (Flyball, 8LD)
Batting: LHB Jeff Conklin 0-0: Called Strike
0-1: Foul Ball, location: 2F
0-2: TRIPLE (Flyball, 9LD)
Pinch Hitting: LHB Álex Burgos 0-0: Intentional Walk
Pinch Hitting: SHB Daryl Moore 0-0: Called Strike
0-1: Swinging Strike
0-2: Ball
1-2: Foul Ball, location: 2F
1-2: Strikes out swinging
Batting: RHB Pedro Longoria 0-0: Called Strike
0-1: Fly out, F7 (Flyball, 7S)
Bottom of the 8th over - 0 run(s), 1 hit(s), 0 error(s), 2 left on base; Athletic Club KC 9 - Hialeah 9
TOP OF THE 9TH
Athletic Club KC Reserves batting - Pitching for Hialeah Dodos : RHP Jim Unknown
Pitching: RHP Jim Unknown
Now at 1B: Álex Burgos
Now at SS: Scott Miller
Batting: LHB Matt Hartnett 0-0: Ball
1-0: Ball
2-0: Called Strike
2-1: Ball
3-1: Base on Balls
Batting: RHB Máximo Padilla 0-0: Bunted foul
0-1: Bunted foul
0-2: Ball
1-2: Ball
2-2: Ball
3-2: Foul Ball, location: 2F
3-2: Base on Balls
Matt Hartnett to second
Batting: LHB Eduardo López 0-0: Bunted foul
0-1: Bunt - Flyout! F2
Batting: SHB Evan Adams 0-0: Called Strike
0-1: Foul Ball, location: 2F
0-2: Strikes out looking
Batting: RHB Jason Dunn 0-0: Called Strike
0-1: Ground out 5-3 (Groundball, 5)
Top of the 9th over - 0 run(s), 0 hit(s), 0 error(s), 2 left on base; Athletic Club KC 9 - Hialeah 9
BOTTOM OF THE 9TH
Hialeah Dodos batting - Pitching for Athletic Club KC Reserves : RHP Joe King
Batting: RHB Carl Carlson 0-0: Ball
1-0: Called Strike
1-1: SINGLE (Line Drive, 9S)
Batting: RHB Javier Santos 0-0: Bunted foul
0-1: Bunted foul
0-2: Fly out, F9 (Line Drive, 9M)
Batting: RHB José Ramírez 0-0: Called Strike
Carl Carlson is caught stealing 2nd base
0-1: Fly out, F9 (Flyball, 9M)
Bottom of the 9th over - 0 run(s), 1 hit(s), 0 error(s), 0 left on base; Athletic Club KC 9 - Hialeah 9
TOP OF THE 10TH
Athletic Club KC Reserves batting - Pitching for Hialeah Dodos : RHP Jim Unknown
Batting: LHB Rafael García 0-0: Ball
1-0: Foul Ball, location: 2F
1-1: Foul Ball, location: 2F
1-2: Fly out, F7 (Flyball, 78M)
Batting: LHB Thatcher Douglas 0-0: SINGLE (Line Drive, 4MD)
Batting: RHB Robert Hill 0-0: Ball
1-0: Ball
2-0: Ball
3-0: Called Strike
3-1: Base on Balls
Thatcher Douglas to second
Batting: LHB José Durán 0-0: Swinging Strike
0-1: Foul Ball, location: 2F
0-2: Strikes out looking
Batting: LHB Matt Hartnett 0-0: Ball
1-0: DOUBLE (Flyball, 7LS)
Thatcher Douglas scores
Robert Hill to third
Batting: RHB Máximo Padilla 0-0: Called Strike
0-1: Foul Ball, location: 2F
0-2: Strikes out swinging
Top of the 10th over - 1 run(s), 2 hit(s), 0 error(s), 2 left on base; Athletic Club KC 10 - Hialeah 9
BOTTOM OF THE 10TH
Hialeah Dodos batting - Pitching for Athletic Club KC Reserves : RHP Joe King
Pitching: RHP Jeremy Gutiérrez
Batting: RHB David Nielsen 0-0: SINGLE (Groundball, 4MD)
Batting: RHB Joe Guy Balk!
David Nielsen to second
0-0: Ball
1-0: Ball
2-0: Called Strike
2-1: Fly out, F9 (Flyball, 9M)
Batting: LHB Jeff Conklin 0-0: Ball
1-0: Ball
2-0: Ball
3-0: Called Strike
3-1: Base on Balls
Batting: LHB Álex Burgos 0-0: Foul Ball, location: 2F
0-1: Swinging Strike
0-2: Grounds into double play, 1-6-3 (Groundball, 13)
Bottom of the 10th over - 0 run(s), 1 hit(s), 0 error(s), 1 left on base; Athletic Club KC 10 - Hialeah 9
This league is powered by Out of the Park Baseball, the baseball management simulation game for PC, Mac and Linux
Friday, January 22nd, 2016 - OOTP Baseball 16.9 Build 39